 Dungeon Crawl Stone Soup version 0.31-a0-971-g75a2e9a4b4 (webtiles) character file.

Game seed: 2923433279643821605

14130 timneilson the Protected (level 12, -31/73 HPs)
             Began as a Gargoyle Fighter on Oct 28, 2023.
             Was a High Priest of Qazlal.
             Annihilated by an enormous slime creature (44 damage)
             ... on level 12 of the Dungeon.
             The game lasted 00:27:02 (10296 turns).

timneilson the Protected (Gargoyle Fighter)        Turns: 10296, Time: 00:27:03

Health: -31/73     AC: 36    Str: 21    XL:     12   Next: 13%
Magic:  16/16      EV:  7    Int:  9    God:    Qazlal [*****.]
Gold:   824        SH: 18    Dex: 13    Spells: 11/11 levels left

rFire   . . .        d - +0 scimitar
rCold   . . .        j - +0 kite shield
rNeg    + . .        c - +0 plate armour rPois โˆž
                     o - +0 helmet
rElec   +            b - +0 cloak
rCorr   .            k - +0 pair of gloves
SInv    .            E - +0 pair of boots
Will    +....        i - amulet of regeneration Stlth
                     F - +4 ring of protection
HPRegen 1.12/turn    r - ring of willpower
MPRegen 0.15/turn

%: repel missiles
@: protected from physical damage
A: sickness immunity, AC +8, negative energy resistance 1, electricity
resistance, torment resistance 1, petrification resistance
a: Renounce Religion, Upheaval, Elemental Force, Disaster Area


You were on level 12 of the Dungeon.
You worshipped Qazlal.
Qazlal was extremely pleased with you.
You visited 2 branches of the dungeon, and saw 13 of its levels.
You also visited: Ossuary.

You collected 824 gold pieces.

Inventory:

Hand Weapons
 a - a +1 long sword
 d - a +0 scimitar (weapon)
 e - a +5 long sword
Armour
 b - a +0 cloak (worn)
 c - a +0 plate armour (worn)
 j - a +0 kite shield (worn)
 k - a +0 pair of gloves (worn)
 o - a +0 helmet (worn)
 E - a +0 pair of boots (worn)
Jewellery
 i - an amulet of regeneration (around neck)
 r - a ring of willpower (right hand)
 y - the ring "Duocia Erchuu" {*Corrode rF+ Will++ MP+9 Str+2}
   (You found it on level 7 of the Dungeon)

   [ring of protection from fire]

   Str+2:     It affects your strength (+2).
   rF+:       It protects you from fire.
   Will++:    It greatly increases your willpower.
   MP+9:      It affects your magic capacity (+9).
   *Corrode:  It may corrode you when you take damage.
 F - a +4 ring of protection (left hand)
Wands
 g - a wand of iceblast (15)
 p - a wand of paralysis (19)
 G - a wand of flame (37)
Scrolls
 h - 3 scrolls of amnesia
 l - a scroll of enchant weapon
 n - 2 scrolls of fear
 q - 2 scrolls of fog
 x - 3 scrolls of poison
 A - a scroll of revelation
 C - 2 scrolls of teleportation
 D - a scroll of blinking
Potions
 f - 3 potions of lignification
 m - 3 potions of magic
 s - 2 potions of berserk rage
 t - 4 potions of attraction
 u - 3 potions of resistance
 v - 9 potions of ambrosia
 w - a potion of degeneration {unknown}
 z - 2 potions of cancellation
 I - a potion of curing {unknown}
Miscellaneous
 H - a phial of floods


   Skills:
 + Level 7.7 Fighting
 * Level 8.4 Long Blades
 * Level 10.4 Armour
 + Level 5.0 Dodging
 * Level 10.3 Shields
 + Level 6.2 Invocations
 + Level 4.3 Evocations


You had 11 spell levels left.
You didn't know any spells.
Your spell library contained the following spells:

 Spells                   Type           Power      Damage    Failure   Level
 Apportation              Tloc           0%         N/A       100%        1
 Necrotise                Necr           0%         1d4       100%        1
 Sandblast                Erth           0%         2d4       100%        1
 Summon Small Mammal      Summ           0%         N/A       100%        1
 Passwall                 Tmut/Erth      0%         N/A       100%        2
 Static Discharge         Conj/Air       0%         3-3/arc   100%        2
 Dazzling Flash           Conj/Hex       0%         N/A       100%        3
 Stone Arrow              Conj/Erth      0%         3d7       100%        3
 Vampiric Draining        Necr           0%         2d6       100%        3
 Volatile Blastmotes      Fire/Tloc      0%         2d10      100%        3
 Airstrike                Air            0%         2d(0-16)  100%        4
 Brom's Barrelling Bould  Conj/Erth      0%         2d3       100%        4
 Summon Lightning Spire   Summ/Air       0%         N/A       100%        4
 Agony                    Necr           0%         N/A       100%        5
 Starburst                Conj/Fire      0%         6d3       100%        6
 Maxwell's Capacitive Co  Air            0%         โˆž       100%        8


Dungeon Overview and Level Annotations

Branches:
Dungeon (12/15)            Temple (1/1) D:4            Lair (0/5) D:11
Ossuary (visited)
    Orc: D:9-12

Altars:
Ashenzari
Cheibriados
Dithmenos
Elyvilon
Fedhas
Gozag
Hepliaklqana
Kikubaaqudgha
Makhleb
Nemelex Xobeh
Okawaru
Qazlal
Ru
Sif Muna
Trog
Uskayaw
Vehumet
Wu Jian
Xom
Yredelemnul
Zin
The Shining One

Shops:
D:3 *   D:5 *   D:6 *   D:8 *


Innate Abilities, Weirdness & Mutations

You are immune to sickness and miasma.
Your stone body is resilient. (AC +8)
You are immune to poison.
You resist negative energy. (rN+)
You are resistant to electric shocks. (rElec)
You are resistant to unholy torment.
You are immune to petrification.


Message History

You block the slime creature's attack.
You hit the slime creature.
The slime creature is severely wounded.
The slime creature hits you but does no damage.
The large slime creature hits you!!
You feel more protected from physical attacks.
You block the slime creature's attack.
You are too injured to fight recklessly!
You are too injured to fight recklessly!
You are too injured to fight recklessly!
You are too injured to fight recklessly!
You are too injured to fight recklessly!
You are too injured to fight recklessly!
You are too injured to fight recklessly!
You are too injured to fight recklessly!
You are too injured to fight recklessly!
You are too injured to fight recklessly!
You are too injured to fight recklessly!
You are too injured to fight recklessly!
You are too injured to fight recklessly!
You are too injured to fight recklessly!
You are too injured to fight recklessly!
You are too injured to fight recklessly!
Unknown command.
You hit the slime creature.
The slime creature is severely wounded.
You block the slime creature's attack. The large slime creature hits you!
* * * LOW HITPOINT WARNING * * *
You feel more protected from physical attacks.
The slime creature hits you.
* * * LOW HITPOINT WARNING * * *
You feel more protected from physical attacks.
You block the slime creature's attack. You block the slime creature's attack.
Two slime creatures merge to form a very large slime creature.
Two slime creatures merge to form an enormous slime creature.
The enormous slime creature attacks as it pursues you!
The enormous slime creature hits you!!!
Ouch! That really hurt!
You die...

# #+## .+ #...
..# #####ยง.#####
...#
#...+..##..#....#
#...#..J...'....#
#..##.@##..#....+
#..##..###+# ...#
#.....โ—‹# ###
#......# #......+
#......# #......#
#......# #......#


You could see an enormous slime creature.

Vanquished Creatures
  A hydra (D:8)
  A two-headed ogre (D:9)
  Urug (D:10)
  An ugly thing (D:9)
  A cyclops (D:9)
  A gargoyle (D:8)
  A komodo dragon (D:11)
  Psyche (D:10)
  4 kobold demonologists (D:11)
  A queen bee (D:11)
  A vampire (D:10)
  11 yaks
  2 wraiths
  4 wyverns
  3 basilisks (D:11)
  2 steam dragons
  4 vampire mosquitoes (D:10)
  2 acid dragons
  2 ice beasts
  3 black bears
  3 orc warriors
  2 ogres
  2 centaurs
  3 phantoms
  6 kobold brigands
  A bullfrog (D:8)
  2 elf skeletons (D:6)
  3 scorpions
  A gnoll sergeant (D:8)
  4 wights (D:8)
  25 killer bees (D:11)
  10 howler monkeys
  11 hounds
  2 gnoll boudas (D:4)
  3 orc priests
  3 jellies
  A sleepcap (D:7)
  5 human skeletons (D:6)
  5 iguanas
  Natasha (D:2)
  10 orc wizards
  8 mummies (Ossuary)
  17 gnolls
  7 adders
  2 shadow imps
  3 white imps
  6 ufetubi
  2 worms
  3 dart slugs
  38 orcs
  7 endoplasms
  8 giant cockroaches
  2 gnoll zombies (Ossuary)
  15 goblins
  2 hobgoblins (D:2)
  6 jackals
  28 kobolds
  2 quokkas (D:1)
  10 ball pythons
  6 bats
  4 frilled lizards
  5 kobold zombies (Ossuary)
  2 orc skeletons (D:6)
  3 orc zombies
  6 rats
342 creatures vanquished.

Vanquished Creatures (others)
  A sky beast (D:8)
  An orc wizard (D:8)
2 creatures vanquished.

Grand Total: 344 creatures vanquished

Notes
Turn   | Place    | Note
-------+----------+-------------------------------------------
     0 | D:1      | timneilson the Gargoyle Fighter began the quest for the
                  | Orb.
     0 | D:1      | Reached XP level 1. HP: 14/14 MP: 1/1
    84 | D:1      | Reached XP level 2. HP: 19/19 MP: 2/2
   643 | D:1      | Reached XP level 3. HP: 23/23 MP: 3/3
   722 | D:2      | Found a faded altar of an unknown god.
  1276 | D:2      | Reached XP level 4. HP: 29/29 MP: 4/4
  1366 | D:2      | Noticed Natasha
  1373 | D:2      | Killed Natasha
  1594 | D:3      | Noticed a black bear
  1619 | D:3      | Killed a black bear
  1620 | D:3      | Reached skill level 1 in Dodging
  1620 | D:3      | Reached XP level 5. HP: 10/33 MP: 5/5
  1929 | D:3      | Found Gozag's Platinum Reserve.
  1933 | D:3      | Found an opulent altar of Gozag.
  2052 | D:3      | Found an ancient bone altar of Kikubaaqudgha.
  2052 | D:3      | Found a basalt altar of Yredelemnul.
  2053 | D:3      | Found a glowing golden altar of the Shining One.
  2231 | D:3      | Reached XP level 6. HP: 38/38 MP: 6/6
  2740 | D:4      | Found a staircase to the Ecumenical Temple.
  2762 | D:4      | Reached skill level 5 in Armour
  2774 | Temple   | Entered the Ecumenical Temple
  2796 | Temple   | Became a worshipper of Qazlal Stormbringer
  3005 | D:4      | Reached XP level 7. HP: 36/43 MP: 7/7
  3024 | D:4      | Reached skill level 5 in Shields
  3525 | D:5      | Entered Level 5 of the Dungeon
  3538 | D:4      | Reached skill level 1 in Invocations
  3573 | D:4      | Reached * piety under Qazlal
  3644 | D:4      | Reached XP level 8. HP: 48/48 MP: 9/9
  3912 | D:5      | Reached skill level 5 in Fighting
  4020 | D:5      | Reached ** piety under Qazlal
  4101 | D:5      | Reached skill level 5 in Long Blades
  4181 | D:5      | Found a shimmering blue altar of Sif Muna.
  4184 | D:5      | Found Cofon's General Store.
  4431 | D:5      | Found a sacrificial altar of Ru.
  4492 | D:5      | Reached XP level 9. HP: 54/54 MP: 11/11
  4835 | D:6      | Reached skill level 1 in Evocations
  4868 | D:6      | Found a sand-covered staircase.
  4893 | Ossuary  | Entered an ossuary
  4900 | Ossuary  | Reached *** piety under Qazlal
  5179 | D:6      | Found Axeupsuu's Serpentskin Sales.
  5527 | D:6      | Identified the +2 leather armour of Xois {rElec MP+9 SInv}
  6172 | D:7      | Identified the ring "Duocia Erchuu" {*Corrode rF+ Will++
                  | MP+9 Str+2}
  6456 | D:8      | Reached XP level 10. HP: 60/60 MP: 11/13
  6524 | D:8      | Reached **** piety under Qazlal
  6825 | D:8      | Noticed a gargoyle
  6833 | D:8      | Killed a gargoyle
  6886 | D:8      | Found Izebuasi's Assorted Antiques.
  7213 | D:8      | Noticed a four-headed hydra
  7221 | D:8      | Killed a four-headed hydra
  7580 | D:9      | Found a shadowy altar of Dithmenos.
  7622 | D:9      | Noticed a two-headed ogre
  7637 | D:9      | Killed a two-headed ogre
  7649 | D:9      | Noticed a cyclops
  7671 | D:9      | Killed a cyclops
  7672 | D:9      | Reached skill level 5 in Invocations
  7690 | D:9      | Reached XP level 11. HP: 56/66 MP: 14/14
  7716 | D:9      | Noticed a white ugly thing
  7734 | D:9      | Killed a white ugly thing
  7909 | D:10     | Entered Level 10 of the Dungeon
  8510 | D:10     | Noticed Urug
  8561 | D:10     | Killed Urug
  8663 | D:10     | Noticed Psyche
  8673 | D:10     | Killed Psyche
  8673 | D:10     | Reached ***** piety under Qazlal
  9128 | D:11     | Reached skill level 10 in Armour
  9299 | D:11     | Noticed a soul eater
  9317 | D:11     | Reached skill level 10 in Shields
  9861 | D:11     | Reached XP level 12. HP: 67/72 MP: 16/16
  9941 | D:11     | Reached skill level 5 in Dodging
  9948 | D:11     | Found a staircase to the Lair.
 10296 | D:12     | Annihilated by an enormous slime creature

Illustrated notes

Levels and vault maps discovered:
D:1:      dpeg_arrival_arbitrary_c, layout_basic, serial_park_tiny_1
D:2:      minmay_chambers_of_ones, layout_basic,
          hellmonk_ecumenical_altar_dog_temple, uniq_natasha
D:3:      wander_river, layout_basic, nicolae_gozag_zags_fifth_avenue,
          gammafunk_temple_overflow_claw, saegor_snake_ambush
D:4:      layout_loops_ring, minmay_temple_entry_glass, minmay_statues_item,
          kennysheep_generic_room_2
D:5:      minmay_razor_zed, layout_cave_pools, nicolae_ru_the_path_less_chosen,
          mainiacjoe_overflow_cross_hatched, serial_shops,
          nicolae_shop_tiny_glass, minmay_ogre_servants
D:6:      layout_gridville, nicolae_ossuary_entry_catacombs, guppyfry_shop_venom
D:7:      layout_loops_ring, nicolae_figureground_pulse
D:8:      layout_loops_cross, serial_shops, nicolae_stop_n_shop_1, st_stairs_7,
          minmay_three_doors
D:9:      layout_rooms, mainiacjoe_overflow_tiny_flanked, minmay_checkerbox
D:10:     layout_basic, minmay_misc_feat_alley, uniq_psyche, uniq_urug
D:11:     layout_roguey, erik_lair_dragon, special_room [special_room_bee]
D:12:     layout_gridville, orc_0_dummy
Temple:   bh_familiar_temple

Skill      XL: |  1  2  3  4  5  6  7  8  9 10 11 12 |
---------------+-------------------------------------+-----
Long Blades    | 2 3 4 5 6 7 8 |  8.4
Armour         | 4 5 6 8 9 10 | 10.4
Dodging        | 1 2 3 4 5 |  5.0
Shields        | 4 5 6 7 8 10 | 10.3
Fighting       | 4 5 6 7 |  7.7
Invocations    | 1 2 4 5 6 |  6.2
Evocations     | 2 3 4 |  4.3

Action                     |  1- 3 |  4- 6 |  7- 9 | 10-12 || total
---------------------------+-------+-------+-------+-------++-------
  Melee: Long sword        |   145 |   117 |       |       ||   262
         Scimitar          |       |    79 |   629 |   847 ||  1555
  Evoke: Wand              |       |       |       |    13 ||    13
    Use: Scroll            |     2 |     5 |     9 |     5 ||    21
         Potion            |       |     1 |     4 |     7 ||    12
 Armour: Scale mail        |   122 |   168 |   222 |       ||   512
         Skin              |       |       |    72 |       ||    72
         Chain mail        |       |       |   317 |   546 ||   863
         Plate armour      |       |       |       |    35 ||    35
  Dodge: Dodged            |    64 |   104 |   303 |   262 ||   733
         Repelled          |       |       |       |     2 ||     2
  Block: Buckler           |    30 |    56 |   327 |    69 ||   482
         Kite shield       |       |       |       |   756 ||   756

Table legend: (Time is in decaauts)
 A = Elapsed time spent in this place.
 B = Non-inter-level travel time spent in this place.
 C = Inter-level travel time spent in this place.
 D = Time resting spent in this place.
 E = Time spent auto-exploring this place.
 F = Levels seen in this place.
 G = Mean time per level.
                   A        B        C        D        E       F      G
               +--------+--------+--------+--------+--------+-----+--------+
         Total |  10602 |  10114 |    488 |     41 |   6419 |  14 |  757.3 |
       Dungeon |  10358 |   9911 |    447 |     41 |   6311 |  12 |  863.2 |
        Temple |     43 |      2 |     41 |      0 |      0 |   1 |   43.0 |
       Ossuary |    200 |    200 |      0 |      0 |    108 |   1 |  200.0 |
               +--------+--------+--------+--------+--------+-----+--------+

Top non-repeatable levels by time:
    D:11: 1368 daAuts
     D:4: 1298 daAuts
     D:2: 964 daAuts
     D:8: 961 daAuts
    D:10: 953 daAuts
     D:6: 911 daAuts
     D:3: 909 daAuts
     D:5: 889 daAuts
     D:7: 744 daAuts
     D:1: 668 daAuts
     D:9: 574 daAuts
 Ossuary: 200 daAuts
    D:12: 112 daAuts
  Temple: 43 daAuts
